 Dungeon Crawl Stone Soup version 0.19.3-4-gbf9329e (webtiles) character file.

2119 Blank the Cruncher (level 9, -1/73 HPs)
             Began as a Minotaur Gladiator on Jan 28, 2017.
             Was an Initiate of Gozag.
             Slain by Prince Ribbit the raiju (9 damage)
             ... on level 7 of the Dungeon.
             The game lasted 00:15:10 (7552 turns).

Blank the Cruncher (Minotaur Gladiator)             Turns: 7552, Time: 00:15:13

Health: -1/73      AC:  7    Str: 19    XL:     9   Next: 8%
Magic:  8/8        EV: 12    Int:  5    God:    Gozag
Gold:   502        SH:  0    Dex: 15    Spells: 0 memorised, 8 levels left

rFire  + . .     SeeInvis .     m - +1 quarterstaff
rCold  . . .     Gourm    .     n - +0 scale mail
rNeg   . . .     Faith    .     (shield currently unavailable)
rPois  .         Spirit   .     c - +0 hat
rElec  .         Reflect  .     (no cloak)
rCorr  .         Harm     .     (no gloves)
MR     .....                    (no boots)
Stlth  ..........               (no amulet)
                                (no ring)
                                l - ring of protection from fire

@: heavily drained
A: retaliatory headbutt, horns 2
a: Potion Petition, Call Merchant, Bribe Branch, Renounce Religion


You were on level 7 of the Dungeon.
You worshipped Gozag.
Gozag was pleased with you.
You were not hungry.

You visited 1 branch of the dungeon, and saw 7 of its levels.

You collected 552 gold pieces.
You paid 50 gold pieces to Gozag.

Inventory:

Hand Weapons
 m - a +1 quarterstaff (weapon)
Missiles
 d - 5 throwing nets (quivered)
Armour
 b - a +0 leather armour
 c - a +0 hat (worn)
 n - a +0 scale mail (worn)
Jewellery
 l - a ring of protection from fire (left hand)
Wands
 o - a wand of disintegration (5/24)
 x - a wand of flame (10/48)
 y - a wand of polymorph (7/24)
Scrolls
 a - a scroll of amnesia {unknown}
 e - 3 scrolls of remove curse
 u - a scroll of blinking {unknown}
 A - 3 scrolls of identify
 B - a scroll of fog {unknown}
 D - a scroll of noise {unknown}
Potions
 i - a potion of might
 j - a potion of heal wounds {unknown}
 k - a potion of agility
 p - 3 potions of curing {unknown}
 q - 4 potions of lignification {unknown}
 t - 2 potions of degeneration {unknown}
 v - a potion of resistance {unknown}
 w - a potion of flight {unknown}
 z - a potion of berserk rage {unknown}
 E - a potion of ambrosia {unknown}
Books
 s - a book of Minor Magic

   Spells                             Type                      Level
   a - Magic Dart                     Conjuration                  1
   b - Blink                          Translocation                2
   c - Call Imp                       Summoning                    2
   d - Repel Missiles                 Charms/Air                   2
   e - Slow                           Hexes                        2
   f - Conjure Flame                  Conjuration/Fire             3
   g - Mephitic Cloud                 Conjuration/Poison/Air       3
Comestibles
 f - 3 bread rations
 g - 2 beef jerkies
 h - a meat ration
 r - a royal jelly
 C - 4 fruits


   Skills:
 + Level 4.8(3.6) Fighting
 * Level 11.7(10.3) Staves
 - Level 2.0(0.9) Throwing
 + Level 6.1(4.9) Armour
 + Level 4.8(3.6) Dodging


You had 8 spell levels left.
You didn't know any spells.

Dungeon Overview and Level Annotations

Branches:
Dungeon (7/15)
 Temple: D:4-7

Altars:
Dithmenos
Fedhas
Gozag
Hepliaklqana
Nemelex Xobeh
Okawaru
Xom
Yredelemnul
Zin
The Shining One

Annotations:
D:7 Prince Ribbit


Innate Abilities, Weirdness & Mutations

You reflexively headbutt those who attack you in melee.
You have a pair of horns on your head.


Message History

You destroy the wight!
You start resting.
Prince Ribbit gives a loud, deep croak!
There is an open door here.
Prince Ribbit lets out a mournful croak.
Prince Ribbit hops awkwardly around.
You open the door.
Prince Ribbit blinks!
Prince Ribbit hits you! x2
* * * LOW HITPOINT WARNING * * *
There is an open door here.
Zapping:
y - a wand of polymorph {zapped: 1} (will waste charges)
Press: ? - help, Shift-Dir - straight line, f - Prince Ribbit
Aim: Prince Ribbit (chance to defeat MR: 28%) Prince Ribbit evaporates and reforms as a raiju!
Evoking this partially-identified wand wasted a few charges.
Prince Ribbit bites you.
* * * LOW HITPOINT WARNING * * *
Prince Ribbit shocks you!
You die...
Your body crumbles into a pile of gold.

..###.. ##.....##
##.....# .......
##.......# #.##.###
.#.....###........#
#(.#.#
......$$.'........##
##....#
##....####.>.......#
#...#.# ...#.
##.......## #.....# .
# ##.....## #.#####
##.h.## #.# ##@## #.#
#.# #.# ####.### #.#
#<.....# #.# #.#....#
#.# #......# #.#
#.#....######.#
#######.##..........#
.............########


You could see Prince Ribbit the raiju.

Vanquished Creatures
  Grinder (D:4)
  Duvessa (D:4)
  The ghost of Crag the Conjurer, an amateur KoCj (D:3)
  A sky beast (D:6)
  A centaur (D:6)
  The ghost of Blank the Twirler, an amateur MiGl of the Shining One (D:4)
  2 ogres
  A phantom (D:5)
  Blork the orc (D:4)
  A bullfrog (D:6)
  Dowan (D:4)
  A scorpion (D:6)
  3 wights (D:7)
  2 howler monkeys
  2 crimson imps
  A bullfrog zombie (D:6)
  A centaur skeleton (D:4)
  A hound (D:6)
  2 iguanas
  6 orc wizards
  3 worker ants
  2 hound skeletons (D:4)
  A howler monkey zombie (D:5)
  Robin (D:3)
  A worker ant zombie (D:6)
  12 adders
  2 shadow imps (D:6)
  An ooze (D:4)
  An adder skeleton (D:6)
  A worm (D:3)
  A dart slug (D:2)
  6 leopard geckos
  15 orcs
  5 giant cockroaches
  4 hobgoblins
  18 jackals
  8 kobolds
  3 quokkas
  8 bats
  6 frilled lizards
  A giant cockroach zombie (D:4)
  15 goblins
  8 rats
154 creatures vanquished.

Notes
Turn   | Place    | Note
-------+----------+-------------------------------------------
     0 | D:1      | Blank the Minotaur Gladiator began the quest for the Orb.
     0 | D:1      | Reached XP level 1. HP: 18/18 MP: 0/0
   251 | D:1      | Reached skill level 4 in Staves
   251 | D:1      | Reached XP level 2. HP: 21/25 MP: 1/1
   797 | D:2      | Reached XP level 3. HP: 30/30 MP: 2/2
   956 | D:2      | Reached skill level 5 in Staves
  1179 | D:2      | Reached skill level 1 in Armour
  1201 | D:2      | Reached XP level 4. HP: 35/37 MP: 3/3
  1330 | D:2      | Found a glowing golden altar of the Shining One.
  2066 | D:3      | Reached XP level 5. HP: 32/44 MP: 4/4
  2331 | D:3      | Noticed Robin
  2414 | D:3      | Killed Robin
  2414 | D:3      | Reached skill level 6 in Staves
  2769 | D:3      | Noticed Crag's ghost (amateur KoCj)
  3279 | D:3      | Killed Crag's ghost
  3279 | D:3      | Reached XP level 6. HP: 18/51 MP: 5/5
  4121 | D:4      | Reached skill level 7 in Staves
  4625 | D:4      | Noticed Blank's ghost (amateur MiGl)
  4636 | D:4      | Killed Blank's ghost
  4636 | D:4      | Reached XP level 7. HP: 54/57 MP: 6/6
  4664 | D:4      | Found a blossoming altar of Fedhas.
  4682 | D:4      | Noticed Grinder
  4699 | D:4      | Paralysed by Grinder for 5 turns
  4706 | D:4      | Killed Grinder
  4706 | D:4      | Reached skill level 8 in Staves
  4783 | D:4      | Noticed Blork the orc
  4819 | D:4      | Killed Blork the orc
  4819 | D:4      | Reached skill level 9 in Staves
  4993 | D:4      | Found an opulent altar of Gozag.
  5021 | D:4      | Noticed Duvessa
  5024 | D:4      | Noticed Dowan
  5043 | D:4      | Killed Duvessa
  5043 | D:4      | Reached XP level 8. HP: 55/66 MP: 7/7
  5065 | D:4      | Killed Dowan
  5179 | D:4      | Became a worshipper of Gozag Ym Sagoz the Greedy
  5297 | D:4      | Found an iron altar of Okawaru.
  5304 | D:4      | Found a basalt altar of Yredelemnul.
  5340 | D:5      | Entered Level 5 of the Dungeon
  5714 | D:5      | Reached skill level 10 in Staves
  5714 | D:5      | Reached skill level 5 in Armour
  6364 | D:6      | Reached skill level 11 in Staves
  6683 | D:6      | Found a hazy altar of Hepliaklqana.
  6955 | D:6      | Found a sparkling altar of Nemelex Xobeh.
  7114 | D:6      | Found a shimmering altar of Xom.
  7117 | D:6      | Found a glowing silver altar of Zin.
  7120 | D:6      | Found a shadowy altar of Dithmenos.
  7217 | D:7      | Reached XP level 9. HP: 72/72 MP: 8/8
  7231 | D:7      | Noticed Prince Ribbit
  7552 | D:7      | Noticed Prince Ribbit
  7552 | D:7      | Prince Ribbit changed into Prince Ribbit the raiju
  7552 | D:7      | Slain by Prince Ribbit the raiju

Skill      XL: |  1  2  3  4  5  6  7  8 |
---------------+-------------------------+-----
Staves         | 4 5 6 7 9 11 | 11.7
Dodging        | 4 |  4.8
Armour         | 1 2 3 4 6 |  6.1
Fighting       | 3 4 |  4.8
Throwing       | |  2.0

Action                   |  1- 3 |  4- 6 |  7- 9 || total
-------------------------+-------+-------+-------++-------
Melee: Quarterstaff      |    69 |   144 |   213 ||   426
       Headbutt          |     7 |    18 |    51 ||    76
Evoke: Wand              |       |       |     1 ||     1
  Use: Scroll            |     2 |     4 |       ||     6
 Stab: Distracted        |       |       |     2 ||     2
  Eat: Bread ration      |     1 |     2 |     2 ||     5
Armor: Leather armour    |    15 |       |       ||    15
       Scale mail        |    14 |    59 |    47 ||   120
       Skin              |       |       |    15 ||    15
Dodge: Dodged            |    54 |    87 |    85 ||   226
